 Seeded DCSS version 0.29.1-15-g9cfb28693d (webtiles) character file.

Game seed: 5852750519012672489 (custom seed)

240 Twinkles the Sneak (level 6, -6/32 HPs)
             Began as a Vine Stalker Brigand on June 6, 2023.
             Was a Priest of Ru.
             Killed from afar by Ijyb (11 damage)
             ... with a bolt of dispelling energy
             ... on level 3 of the Dungeon.
             The game lasted 00:04:59 (3238 turns).

Twinkles the Sneak (Vine Stalker Brigand)           Turns: 3238, Time: 00:04:59

Health: -6/32      AC:  6    Str: 15    XL:     6   Next: 8%
Magic:  0/7        EV: 10    Int: 11    God:    Ru [***...]
Gold:   122        SH:  0    Dex: 16    Spells: 5/5 levels left

rFire   . . .      SeeInvis .   a - +2 dagger
rCold   . . .      Faith    .   (shield unavailable)
rNeg    . . .      Spirit   +   u - +0 scale mail
rPois   .          Reflect  .   (no helmet)
rElec   .          Harm     .   r - scarf {repulsion}
rCorr   .          Rampage  .   (no gloves)
Will    .....                   (no boots)
Stlth   ++........              (no amulet)
HPRegen 0.90/turn               (ring unavailable)
MPRegen 0.10/turn               (no ring)

@: repel missiles
A: fangs 2, regeneration 1, magic shield, antimagic bite, no potion heal 2,
missing a hand
a: Renounce Religion, Draw Out Power


You were on level 3 of the Dungeon.
You worshipped Ru.
Ru was most pleased with you.
You visited 1 branch of the dungeon, and saw 3 of its levels.

You collected 122 gold pieces.

Inventory:

Hand Weapons
 a - a +2 dagger (weapon)
Missiles
 d - 9 poisoned darts (quivered)
 e - 3 curare-tipped darts
Armour
 b - a +0 robe
 c - a +0 cloak
 f - a +0 leather armour
 r - a scarf of repulsion (worn)
 u - a +0 scale mail (worn)
Wands
 s - a wand of roots (12)
Scrolls
 g - a scroll of magic mapping {unknown}
 h - a scroll of poison {unknown}
 i - a scroll of vulnerability {unknown}
 j - a scroll of noise {unknown}
 k - 2 scrolls of identify {unknown}
 o - 2 scrolls of fog {unknown}
 v - 3 scrolls of silence {unknown}
Potions
 l - 2 potions of brilliance
 m - 3 potions of might {unknown}
 n - 3 potions of heal wounds {unknown}
 p - 3 potions of curing {unknown}
 q - a potion of cancellation {unknown}
 t - a potion of magic {unknown}


   Skills:
 + Level 3.0 Fighting
 * Level 3.7 Short Blades
 - Level 1.9 Throwing
 + Level 1.7 Armour
 - Level 1.9 Dodging
 - Level 5.0 Stealth


You had 5 spell levels left.
You didn't know any spells.
Your spell library was empty.

Dungeon Overview and Level Annotations

Branches:
Dungeon (3/15)

Altars:
Ru

Annotations:
D:3 Ijyb


Innate Abilities, Weirdness & Mutations

You have extremely sharp teeth.
Your natural rate of healing is unusually fast.
When hurt, damage is shared between your health and your magic reserves.
Your bite disrupts and absorbs the magic of your enemies.
Potions cannot restore your health.
You are missing a hand.


Message History

Ijyb is lightly wounded.
You closely miss Ijyb.
Ijyb is lightly wounded.
Ijyb hits you but does no damage.
You hit Ijyb but do no damage.
Ijyb is lightly wounded.
Ijyb hits you with a +0 club.
You barely miss Ijyb.
Ijyb is lightly wounded.
Ijyb misses you.
You hit Ijyb but do no damage. You bite Ijyb. You drain her power.
You feel invigorated.
Ijyb is moderately wounded.
Ijyb barely misses you.
You hit Ijyb. You bite Ijyb. You drain her power.
Ijyb is heavily wounded.
You hit Ijyb but do no damage.
Ijyb is heavily wounded.
Ijyb barely misses you.
You closely miss Ijyb.
Ijyb is heavily wounded.
Ijyb closely misses you.
You hit Ijyb.
Ijyb is severely wounded.
Ijyb hits you with a +0 club.
You hit Ijyb. Your bite misses Ijyb.
Ijyb is severely wounded.
Ijyb zaps a wand.
The bolt of dispelling energy hits you!
You are too injured to fight recklessly!
You are too injured to fight recklessly!
You hit Ijyb.
Ijyb is almost dead.
You hit Ijyb but do no damage.
Ijyb is almost dead.
Ijyb zaps a wand.
The bolt of dispelling energy hits you!
* * * LOW HITPOINT WARNING * * *
You hit Ijyb but do no damage. Your bite misses Ijyb.
Ijyb is almost dead.
Ijyb zaps a wand.
The bolt of dispelling energy hits you!
You die...

..# #.# # #.# #.#
##.####.#####.#######.
...................... .#
###......#####......... .. ...
.........# #.#.####.. .# ..#
##.#..###.#####.#.# #.. ..
.......................# #..
.###....###.#...@..........# #..
...............g..........†# #..
)..##...###......#.....#...# #..
...##...#####...##.....#...####..
...##...#....... ................
...##...#.###...##..#..##..#####.
................##..#..##..# #.
...##...#.###.#.##..#..##..#####.
...<.............................


You could see Ijyb.

Vanquished Creatures
  Terence (D:3)
  Natasha (thrice) (D:3)
  Robin (D:3)
  3 gnolls (D:3)
  3 adders
  2 worms
  A dart slug (D:1)
  2 orcs (D:3)
  5 ball pythons
  4 bats
  9 endoplasms
  2 giant cockroaches
  13 goblins
  4 hobgoblins
  4 kobolds
  A quokka (D:2)
  2 frilled lizards (D:2)
  6 rats
66 creatures vanquished.

Vanquished Creatures (others)
  A ball python (D:3)
1 creature vanquished.

Grand Total: 67 creatures vanquished

Notes
Turn   | Place    | Note
-------+----------+-------------------------------------------
     0 | D:1      | Twinkles the Vine Stalker Brigand began the quest for the
                  | Orb.
     0 | D:1      | Reached XP level 1. HP: 11/11 MP: 2/2
   572 | D:1      | Reached skill level 1 in Dodging
   572 | D:1      | Reached XP level 2. HP: 15/15 MP: 3/3
   582 | D:1      | Reached skill level 5 in Stealth
  1429 | D:2      | Reached XP level 3. HP: 18/18 MP: 4/4
  1954 | D:2      | Gained mutation: Your natural rate of healing is unusually
                  | fast. [Vine Stalker growth]
  1954 | D:2      | Reached XP level 4. HP: 18/23 MP: 2/5
  2107 | D:2      | Found a faded altar of an unknown god.
  2122 | D:2      | Prayed at the altar of an unknown god.
  2122 | D:2      | Became a worshipper of Ru the Awakened
  2128 | D:2      | Gained mutation: You are missing a hand. [Ru sacrifice]
  2128 | D:2      | Reached * piety under Ru
  2128 | D:2      | Reached ** piety under Ru
  2128 | D:2      | Reached *** piety under Ru
  2496 | D:3      | Noticed Terence
  2521 | D:3      | Killed Terence
  2522 | D:3      | Reached skill level 1 in Armour
  2633 | D:3      | Noticed Natasha
  2641 | D:3      | Killed Natasha
  2642 | D:3      | Reached XP level 5. HP: 22/27 MP: 4/6
  2806 | D:3      | Noticed Natasha
  2821 | D:3      | Killed Natasha
  2858 | D:3      | Noticed Natasha
  2884 | D:3      | Killed Natasha
  2951 | D:3      | Reached XP level 6. HP: 29/32 MP: 5/7
  2966 | D:3      | Noticed Robin
  2977 | D:3      | Killed Robin
  3216 | D:3      | Noticed Ijyb
  3238 | D:3      | Killed from afar by Ijyb

Illustrated notes

Levels and vault maps discovered:
D:1:      dpeg_arrival_rooms_a, layout_basic, serial_forest,
          infiniplex_forest_end_double, infiniplex_forest_end_2,
          infiniplex_forest_lined_2, infiniplex_forest_straight_4,
          infiniplex_forest_lined_room_2, infiniplex_forest_clump_small,
          infiniplex_forest_straight_5, infiniplex_forest_straight_5
D:2:      layout_loops_ring, chequers_ecumenical_altar_island,
          kennysheep_generic_room_6
D:3:      layout_basic, lemuel_zombie_altar_kikubaaqudgha, uniq_robin,
          uniq_terence, uniq_natasha, uniq_ijyb

Skill      XL: |  1  2  3  4  5 |
---------------+----------------+-----
Dodging        | 1 |  1.9
Fighting       | 2 3 |  3.0
Stealth        | 5 |  5.0
Short Blades   | 2 3 |  3.7
Armour         | 1 |  1.7
Throwing       | |  1.9

Action                   |  1- 3 |  4- 6 || total
-------------------------+-------+-------++-------
Melee: Dagger            |    70 |   156 ||   226
       Bite              |    16 |    50 ||    66
Invok: Sacrifice a Hand  |       |     1 ||     1
 Stab: Sleeping          |    12 |     3 ||    15
       Invisible         |       |     3 ||     3
Armor: Leather armour    |    19 |     7 ||    26
       Scale mail        |       |    25 ||    25
Dodge: Dodged            |    39 |    45 ||    84
